 Dungeon Crawl Stone Soup version 0.23-a0-516-g0f8c245 (webtiles) character file.

24901 Flooderbenga the Fighter (level 12, 0/61 HPs)
             Began as a Felid Artificer on Nov 5, 2018.
             Was the Champion of Dithmenos.
             Slain by a seven-headed hydra (9 damage)
             ... on level 14 of the Dungeon on Dec 5, 2018.
             The game lasted 04:17:19 (36510 turns).

Flooderbenga the Fighter (Felid Artificer)         Turns: 36510, Time: 04:17:20

Health: 0/61       AC:  8    Str: 10    XL:     12   Next: 84%
Magic:  0/25       EV: 24    Int: 16    God:    Dithmenos [******]
Gold:   1434       SH:  0    Dex: 18    Spells: 4/27 levels left
                                        Lives:  0   Deaths: 4

rFire    . . .     SeeInvis +     - Unarmed
rCold    + . .     Gourm    .   (shield unavailable)
rNeg     . . .     Faith    .   (armour unavailable)
rPois    +         Spirit   .   (helmet unavailable)
rElec    .         Reflect  .   (cloak unavailable)
rCorr    .         Harm     .   (gloves unavailable)
MR       +....                  (boots unavailable)
Stlth    ++++++++..             A - amulet of regeneration
HPRegen  0.60/turn              I - ring of the Leaf {AC+5 Str+2}
MPRegen  0.19/turn              U - ring of poison resistance

@: very slightly contaminated, wreathed by umbra, quick
A: very small, no armour, no weapons or thrown items, stealth, claws 1, fangs 3,
see invisible, carnivore, speed 1, shaggy fur 3, slow metabolism 1, sharp paws
a: Shadow Step, Shadow Form, Renounce Religion


You were on level 14 of the Dungeon.
You worshipped Dithmenos.
Dithmenos was exalted by your worship.
You were very full.

You visited 3 branches of the dungeon, and saw 22 of its levels.
You also visited: Labyrinth.

You collected 2285 gold pieces.
You spent 851 gold pieces at shops.

Inventory:

Jewellery
 n - an uncursed ring of protection from cold
 y - an uncursed ring of protection from fire
 A - an amulet of regeneration (around neck)
 I - the ring of the Leaf (left paw) {AC+5 Str+2}
   (You found it on level 9 of the Dungeon)

   [ring of protection]

   It affects your AC (+5).
   It affects your strength (+2).
 L - an uncursed ring of resist corrosion
 M - an uncursed ring of protection from cold
 R - an uncursed ring of ice
 U - a ring of poison resistance (right paw)
Wands
 a - a wand of acid (14)
 b - a wand of enslavement (6) {@v5}
 c - a wand of random effects (58)
 C - a wand of polymorph (22)
 J - a wand of paralysis (35)
 N - a wand of flame (21)
 O - a wand of iceblast (3)
 P - a wand of clouds (9)
 Q - a wand of disintegration (19)
Scrolls
 g - 4 scrolls of amnesia
 j - 7 scrolls of magic mapping
 k - 2 scrolls of vulnerability
 l - 15 scrolls of remove curse {@r2}
 p - 5 scrolls of enchant armour
 r - 8 scrolls of identify {@r1}
 u - 6 scrolls of immolation
 w - 9 scrolls of teleportation {@r3}
 B - 3 scrolls of fog {@r4}
Potions
 e - 3 potions of mutation
 f - 5 potions of resistance
 h - 3 potions of might {@q4}
 i - 2 potions of flight
 o - 4 potions of agility {@q5}
 q - 4 potions of curing {@q1}
 s - 2 potions of berserk rage
 v - a potion of degeneration
 x - 3 potions of invisibility
 z - 4 potions of lignification
 E - 3 potions of haste {@q3}
 F - 4 potions of brilliance
 H - 2 potions of heal wounds {@q2}
Miscellaneous
 K - 2 phantom mirrors
 S - a sack of spiders


   Skills:
 - Level 12.0 Fighting
 - Level 8.1 Dodging
 - Level 8.0 Stealth
 * Level 6.6 Unarmed Combat
 + Level 8.1 Spellcasting
 - Level 9.0 Conjurations
 - Level 10.3 Hexes
 - Level 8.0 Summonings
 * Level 0.0 Translocations
 - Level 3.3 Ice Magic
 - Level 7.2 Air Magic
 - Level 5.0 Evocations


You had 4 spell levels left.
You knew the following spells:

 Your Spells              Type           Power        Failure   Level  Hunger
a - Summon Lightning Spi  Summ/Air       ####....     4%          4    ###....
b - Throw Icicle          Conj/Ice       ####....     9%          4    ###....
c - Confuse               Hex            #####...     1%          3    #......
d - Summon Mana Viper     Hex/Summ       #####...     7%          5    #####..
e - Stone Arrow           Conj/Erth      ###...       5%          3    #......
x - Call Imp              Summ           ####....     1%          2    None
B - Blink                 Tloc           N/A          17%         2    None

Your spell library contained the following spells:

 Spells                   Type           Power        Failure   Level  Hunger
 Confusing Touch          Hex            #####.       1%          1    None
 Magic Dart               Conj           ####         1%          1    None
 Summon Small Mammal      Summ           ####         1%          1    None
 Searing Ray              Conj           #####.       1%          2    None
 Slow                     Hex            #####...     1%          2    None
 Throw Frost              Conj/Ice       ####..       1%          2    None
 Call Canine Familiar     Summ           ####....     1%          3    #......
 Dazzling Spray           Conj/Hex       #####.       1%          3    #......
 Summon Guardian Golem    Hex/Summ       #####...     1%          3    #......
 Fulminant Prism          Conj/Hex       #####.....   1%          4    ###....
 Freeze                   Ice            ###.         2%          1    None
 Iskenderun's Mystic Bla  Conj           #####...     2%          4    ###....
 Mephitic Cloud           Conj/Pois/Air  ###.....     3%          3    #......
 Conjure Flame            Conj/Fire      ###.....     5%          3    #......
 Summon Ice Beast         Ice/Summ       ###.....     11%         4    ###....
 Ozocubu's Armour         Chrm/Ice       ##......     17%         3    #......
 Force Lance              Conj/Tloc      ###.....     17%         4    ###....
 Sticky Flame             Conj/Fire      ###.....     17%         4    ###....
 Gell's Gravitas          Tloc           #.........   32%         3    #......
 Ice Form                 Ice/Tmut       ##......     50%         4    ###....
 Petrify                  Tmut/Erth      #.......     73%         4    ###....
 Metabolic Englaciation   Hex/Ice        ####......   19%         5    #####..
 Yara's Violent Unravell  Hex/Tmut       ###.......   36%         5    #####..
 Fireball                 Conj/Fire      ###.......   43%         5    #####..
 Freezing Cloud           Conj/Ice/Air   ####......   75%         6    ######.
 Bolt of Cold             Conj/Ice       ####......   80%         6    ######.
 Summon Hydra             Summ           ####......   98%         7    #######
 Ozocubu's Refrigeration  Ice            ###.......   99%         6    ######.
 Simulacrum               Ice/Necr       ##........   100%        6    ######.


Dungeon Overview and Level Annotations

Branches:
Dungeon (14/15)            Temple (0/1) D:5            Lair (6/6) D:10
 Shoals (0/4) Lair:3        Snake (0/4) Lair:2        Slime (0/5) Lair:6
    Orc (2/2) D:11            Elf (0/3) Orc:2        Vaults (0/5) D:14

Altars:
Dithmenos
Fedhas
Kikubaaqudgha
Qazlal
Ru
Wu Jian
Zin
Beogh
Jiyva

Shops:
D:6 !   D:11 *   Orc:2 %(:==

Annotations:
D:11 1 runed door, Onwoduhi's ghost, journeyman MiBe
D:13 exclusions: centaur and 2 more exclusions
D:14 Rupert; Urug
Lair:1 exclusion: 2 electric eels


Innate Abilities, Weirdness & Mutations

You cannot wear armour.
You are incapable of wielding weapons or throwing items.
Your paws allow you to move quietly. (Stealth)
You have sharp claws.
You have razor-sharp teeth.
You have supernaturally acute eyesight. (SInv)
You are carnivorous and can eat meat at any time.
You cover ground quickly.
Your thick and shaggy fur keeps you warm. (AC +3, rC+)
You have a slow metabolism.
Your sharp claws are effective at attacking unaware monsters.


Message History

The seven-headed hydra barely misses you.
The seven-headed hydra bites you! x3
* * * LOW HITPOINT WARNING * * *
You take 38 damage, and have 13/61 hp.
MASSIVE DAMAGE!!
Okay, then.
Unknown command.
Okay, then.
Unknown command.
You miscast Blink.
You are very lightly contaminated with residual magic.
Nothing appears to happen.
You now have 0/25 mp.
The seven-headed hydra barely misses you.
The seven-headed hydra closely misses you.
The seven-headed hydra barely misses you.
The seven-headed hydra closely misses you.
The seven-headed hydra bites you!
* * * LOW HITPOINT WARNING * * *
The seven-headed hydra bites you!
You die...

#..#
#..##
#...#
...
###'###
#..<..#
#.....#
#D....#
#.@...#
###+###


You could see a seven-headed hydra.

Vanquished Creatures
  The ghost of Nafrigg the Devastator, an adept DrCj of Ashenzari (Lair:4)
  A minotaur (Lab)
  Josephine (Lair:6)
  A hydra (Lair:3)
  A centaur warrior (D:13)
  An orc high priest (Orc:2)
  A necromancer (Lair:6)
  A deep elf mage (D:13)
  5 orc knights (Orc:2)
  3 orc sorcerers
  4 black mambas
  10 spiny frogs
  2 komodo dragons
  3 killer bees
  3 trolls
  3 tyrant leeches (Lair:6)
  A hornet (D:7)
  A dream sheep (shapeshifter) (D:13)
  11 blink frogs
  3 hippogriffs
  A dream sheep (Lair:5)
  A wraith (Lair:6)
  2 shadows
  7 yaks
  A spriggan (D:8)
  A hungry ghost (D:10)
  4 vampire mosquitoes (Lair:6)
  12 wargs
  8 water moccasins
  A soldier ant (D:13)
  5 porcupines
  A hornet zombie (D:12)
  A black bear (Lair:2)
  3 ice beasts
  26 orc warriors
  3 sky beasts
  2 phantoms
  7 ogres
  5 centaurs
  A wolf (Lair:1)
  6 crocodiles
  18 bullfrogs
  A gnoll sergeant (D:7)
  7 scorpions
  3 wights (D:6)
  4 electric eels
  5 howler monkeys
  4 centaur zombies
  A crimson imp (D:5)
  8 orc priests
  Crazy Yiuf (D:4)
  9 hounds
  2 centaur skeletons
  6 jellies
  6 iguanas
  9 orc wizards
  10 worker ants
  A yak simulacrum (Lair:6)
  A polar bear simulacrum (Lair:6)
  A hound zombie (D:5)
  2 hound skeletons (D:10)
  10 gnolls
  A howler monkey skeleton (D:10)
  15 adders
  An ooze (D:3)
  2 adder skeletons
  2 adder zombies
  3 worms (D:2)
  7 leopard geckos
  87 orcs
  3 ball pythons
  4 bats
  6 giant cockroaches
  10 goblins
  11 hobgoblins
  7 quokkas
  A ball python skeleton (D:5)
  7 frilled lizards
  2 jackal skeletons (D:5)
  4 kobolds (D:2)
  6 rats
  4 river rat simulacra (Lair:6)
  A plant (Lair:6)
448 creatures vanquished.

Vanquished Creatures (collateral kills)
  An orc warlord (D:11)
  Harold (Lair:1)
  5 hydras
  2 two-headed ogres
  A centaur warrior (D:13)
  4 death yaks (Lair:4)
  3 orc knights (Orc:2)
  3 ugly things
  6 elephants (Lair:5)
  9 spiny frogs
  3 black mambas
  A gargoyle (D:12)
  A kobold demonologist (D:12)
  3 komodo dragons
  5 blink frogs
  6 dream sheep (Lair:5)
  2 hippogriffs
  3 wraiths (Lair:6)
  A vampire (D:12)
  11 yaks
  2 vampire mosquitoes (Lair:6)
  A basilisk (Lair:5)
  4 wargs
  5 water moccasins
  3 porcupines
  A sky beast (D:11)
  18 orc warriors
  4 wolves (Lair:1)
  6 ogres
  2 crocodiles (Lair:6)
  4 centaurs
  4 bullfrogs
  8 killer bees
  A wight (D:6)
  2 crimson imps
  5 jellies
  7 orc priests
  8 orc wizards
  A worker ant (D:8)
  A yak simulacrum (Lair:6)
  A wolf simulacrum (Lair:6)
  3 polar bear simulacra (Lair:6)
  3 gnolls (D:7)
  3 adders
  An ooze (Lair:6)
  32 orcs
  A fungus (Lair:4)
202 creatures vanquished.

Vanquished Creatures (others)
  A gnoll (D:3)
  35 fungi
  89 plants
125 creatures vanquished.

Grand Total: 775 creatures vanquished

Notes
Turn   | Place    | Note
-------+----------+-------------------------------------------
     0 | D:1      | Flooderbenga the Felid Artificer began the quest for the
                  | Orb.
     0 | D:1      | Reached XP level 1. HP: 9/9 MP: 4/4
   145 | D:1      | Reached XP level 2. HP: 10/12 MP: 5/5
  1564 | D:2      | Reached XP level 3. HP: 16/16 MP: 6/6
  2167 | D:2      | Reached skill level 2 in Fighting
  2709 | D:2      | Reached XP level 4. HP: 14/19 MP: 7/7
  2981 | D:2      | Found a shadowy altar of Dithmenos.
  3028 | D:2      | Became a worshipper of Dithmenos the Shadowed
  3255 | D:2      | Found a stormy altar of Qazlal.
  4007 | D:3      | Reached XP level 5. HP: 23/23 MP: 8/8
  4344 | D:3      | Learned a level 4 spell: Summon Lightning Spire
  4733 | D:3      | Found an ancient bone altar of Kikubaaqudgha.
  5043 | D:4      | Reached skill level 1 in Spellcasting
  5341 | D:4      | Found a runed door.
  5392 | D:4      | Gained mutation: You are covered in thick fur. (AC +2)
                  | [Felid growth]
  5392 | D:4      | Reached XP level 6. HP: 27/27 MP: 9/9
  5426 | D:4      | Reached skill level 1 in Summonings
  6052 | D:4      | Found a sacrificial altar of Ru.
  6067 | D:4      | Reached skill level 1 in Air Magic
  6506 | D:4      | Noticed Crazy Yiuf
  6510 | D:4      | Killed Crazy Yiuf
  6510 | D:4      | Reached skill level 3 in Fighting
  6578 | D:5      | Entered Level 5 of the Dungeon
  6719 | D:5      | Reached * piety under Dithmenos
  6779 | D:5      | Reached XP level 7. HP: 31/31 MP: 10/10
  6914 | D:5      | Found a staircase to the Ecumenical Temple.
  7442 | D:5      | Reached skill level 5 in Dodging
  8147 | D:3      | Found an ancient bone altar of Kikubaaqudgha.
  8603 | D:4      | Found a sacrificial altar of Ru.
  9202 | D:4      | Found a sacrificial altar of Ru.
  9578 | D:6      | Reached ** piety under Dithmenos
  9873 | D:6      | Reached XP level 8. HP: 4/34 MP: 12/12
 10142 | D:6      | Found a glowing silver altar of Zin.
 10150 | D:6      | Found Athaj's Distillery.
 10378 | D:6      | Bought a potion of haste for 150 gold pieces
 10378 | D:6      | Bought 2 potions of brilliance for 120 gold pieces
 10378 | D:6      | Bought a potion of berserk rage for 75 gold pieces
 10662 | D:5      | Learned a level 2 spell: Call Imp
 10676 | D:6      | Reached skill level 5 in Summonings
 10808 | D:6      | Slain by a wight
 10809 | D:6      | Reached XP level 7. HP: -5/31 MP: 6/12
 10835 | D:6      | Reached skill level 5 in Air Magic
 11115 | D:7      | Reached XP level 8. HP: 34/34 MP: 13/13
 11128 | D:7      | Noticed a hornet
 11142 | D:7      | Killed a hornet
 11982 | D:7      | Reached *** piety under Dithmenos
 12053 | D:7      | Reached XP level 9. HP: 20/37 MP: 14/14
 12158 | D:7      | Found an ornate altar of the Wu Jian Council.
 13016 | D:8      | Upgraded the game from 0.23-a0-404-g0063841 to
                  | 0.23-a0-419-g0174fd8
 13871 | D:9      | Learned a level 4 spell: Throw Icicle
 13939 | D:9      | Reached skill level 5 in Stealth
 13951 | D:9      | Got a bound silver ring
 13953 | D:9      | Identified the ring of the Leaf {AC+5 Str+2} (You found it
                  | on level 9 of the Dungeon)
 14231 | D:10     | Entered Level 10 of the Dungeon
 14257 | D:10     | Reached **** piety under Dithmenos
 14323 | D:10     | Reached skill level 1 in Conjurations
 14605 | D:10     | Reached skill level 4 in Fighting
 14645 | D:10     | Found a staircase to the Lair.
 14755 | D:10     | Noticed a two-headed ogre
 15346 | D:11     | Noticed a spriggan rider
 15349 | D:11     | Found a blossoming altar of Fedhas.
 15417 | D:11     | Found a staircase to the Orcish Mines.
 15497 | D:11     | Found Sizaqos's Assorted Antiques.
 15505 | D:11     | Bought a scroll labeled YNAVABRUEVER for 31 gold pieces
 15505 | D:11     | Bought a potion of heal wounds for 155 gold pieces
 15555 | D:11     | Reached XP level 10. HP: 43/43 MP: 13/16
 16074 | D:11     | Noticed a two-headed ogre
 16133 | D:11     | Found a runed door.
 16189 | Lair:1   | Entered Level 1 of the Lair of Beasts
 16539 | Lair:1   | Reached skill level 5 in Fighting
 16561 | Lair:1   | Noticed an eight-headed hydra
 16677 | Lair:1   | Slain by a komodo dragon
 16678 | Lair:1   | Reached XP level 9. HP: -1/40 MP: 1/16
 16804 | Lair:1   | Noticed Harold
 16804 | Lair:1   | Noticed a komodo dragon
 16839 | Lair:1   | Killed a komodo dragon
 16839 | Lair:1   | Reached skill level 5 in Conjurations
 17008 | Lair:1   | Reached skill level 5 in Spellcasting
 17448 | Lair:2   | Learned a level 3 spell: Confuse
 17557 | Lair:2   | Noticed a black mamba
 17564 | Lair:2   | Killed a black mamba
 17564 | Lair:2   | Reached skill level 1 in Hexes
 17564 | Lair:2   | Reached XP level 10. HP: 38/44 MP: 8/18
 18056 | Lair:2   | Found a staircase to the Snake Pit.
 18942 | Lair:3   | Noticed a four-headed hydra
 19000 | Lair:3   | Reached skill level 5 in Hexes
 19176 | Lair:3   | Noticed a black mamba
 19195 | Lair:3   | Killed a black mamba
 19336 | Lair:3   | Noticed a seven-headed hydra
 19486 | Lair:3   | Killed a four-headed hydra
 19486 | Lair:3   | Reached skill level 6 in Fighting
 19635 | Lair:3   | Killed a seven-headed hydra
 19726 | Lair:3   | Noticed a black mamba
 19741 | Lair:3   | Killed a black mamba
 20037 | Lair:3   | Noticed a spiny frog
 20049 | Lair:3   | Killed a spiny frog
 20049 | Lair:3   | Reached XP level 11. HP: 40/49 MP: 10/20
 20152 | Lair:3   | Found a staircase to the Shoals.
 20469 | Lair:3   | Reached skill level 7 in Fighting
 20597 | Lair:4   | Found a large runed door.
 20598 | Lair:4   | Found a large runed door.
 20603 | Lair:4   | Noticed Nafrigg's ghost (adept DrCj)
 21071 | Lair:4   | Noticed a death yak
 21112 | Lair:4   | Noticed a death yak
 21161 | Lair:4   | Killed a death yak
 21246 | Lair:4   | Noticed a death yak
 21246 | Lair:4   | Noticed a death yak
 21808 | Lair:5   | Slain by a black mamba
 21809 | Lair:5   | Reached XP level 10. HP: -1/47 MP: 11/19
 21809 | Lair:5   | Noticed a spiny frog
 21946 | Lair:5   | Killed a black mamba
 21971 | Lair:5   | Killed a spiny frog
 22148 | Lair:5   | Identified a scroll of acquirement
 22149 | Lair:5   | Identified the Volume of Calling and Battle Magic (You
                  | acquired it on level 5 of the Lair of Beasts)
 22157 | Lair:5   | Learned a level 5 spell: Summon Mana Viper
 22526 | Lair:5   | Killed a black mamba
 22724 | Lair:5   | Noticed an elephant
 22724 | Lair:5   | Noticed an elephant
 22724 | Lair:5   | Noticed an elephant
 22735 | Lair:5   | Killed an elephant
 22738 | Lair:5   | Killed an elephant
 22738 | Lair:5   | Reached skill level 8 in Fighting
 22771 | Lair:5   | Noticed an elephant
 22781 | Lair:5   | Killed an elephant
 22783 | Lair:5   | Noticed an elephant
 22784 | Lair:5   | Killed an elephant
 22790 | Lair:5   | Killed an elephant
 22848 | Lair:5   | Noticed an elephant
 22859 | Lair:5   | Killed an elephant
 23150 | Lair:6   | Entered Level 6 of the Lair of Beasts
 23151 | Lair:6   | Noticed a spiny frog
 23155 | Lair:6   | Noticed a spiny frog
 23189 | Lair:5   | Killed a spiny frog
 23355 | Lair:6   | Noticed a black mamba
 23360 | Lair:6   | Killed a black mamba
 23408 | Lair:6   | Found a runed door.
 23410 | Lair:6   | Reached XP level 11. HP: 51/51 MP: 17/21
 23464 | Lair:6   | Noticed a six-headed hydra
 23660 | Lair:6   | Found a viscous altar of Jiyva.
 23661 | Lair:6   | Found a staircase to the Slime Pits.
 23812 | Lair:6   | Noticed a necromancer
 23818 | Lair:6   | Killed a necromancer
 23847 | Lair:6   | Noticed Josephine
 23865 | Lair:6   | Killed Josephine
 23865 | Lair:6   | Reached skill level 5 in Evocations
 23909 | Lair:6   | Reached skill level 9 in Fighting
 23916 | Lair:6   | HP: 1/53 [blink frog (17)]
 24726 | Lair:6   | Learned a level 3 spell: Stone Arrow
 25087 | Lair:6   | Gained mutation: Your thick and shaggy fur keeps you warm.
                  | (AC +3, rC+) [Felid growth]
 25087 | Lair:6   | Reached XP level 12. HP: 44/58 MP: 20/23
 25296 | Lair:6   | Killed a six-headed hydra
 25296 | Lair:6   | Reached skill level 10 in Fighting
 26070 | D:10     | Killed a two-headed ogre
 26215 | D:11     | Noticed Onwoduhi's ghost (journeyman MiBe)
 26719 | D:12     | Noticed a two-headed ogre
 26763 | D:12     | Killed a two-headed ogre
 26796 | D:12     | Noticed a five-headed hydra
 26839 | D:12     | Killed a five-headed hydra
 27662 | D:13     | Found a labyrinth entrance.
 27707 | Lab      | Entered a labyrinth
 28589 | Lab      | Noticed a minotaur
 28597 | Lab      | Killed a minotaur
 28597 | Lab      | Reached skill level 10 in Hexes
 28744 | D:13     | Reached skill level 11 in Fighting
 28958 | D:13     | Noticed a centaur warrior
 28965 | D:13     | Noticed a six-headed hydra
 28981 | D:13     | Killed a six-headed hydra
 29209 | D:13     | Noticed a centaur warrior
 29526 | D:13     | Killed a centaur warrior
 29676 | D:13     | Reached ***** piety under Dithmenos
 29806 | D:14     | Found a gate to the Vaults.
 29806 | D:14     | Noticed Rupert
 29806 | D:14     | Noticed a centaur warrior
 29806 | D:14     | Noticed Urug
 29806 | D:14     | Noticed a centaur warrior
 29826 | D:13     | Killed a centaur warrior
 29826 | D:13     | Reached skill level 1 in Ice Magic
 29840 | D:12     | Upgraded the game from 0.23-a0-419-g0174fd8 to
                  | 0.23-a0-512-g50a8178
 29840 | D:12     | Upgraded the game from 0.23-a0-512-g50a8178 to
                  | 0.23-a0-516-g0f8c245
 29969 | Lair:1   | Killed Harold
 29969 | Lair:1   | Reached XP level 13. HP: 63/63 MP: 10/24
 30501 | Lair:4   | Killed Nafrigg's ghost
 31531 | Orc:1    | Entered Level 1 of the Orcish Mines
 31531 | Orc:1    | Noticed an orc warlord
 31543 | D:11     | Killed an orc warlord
 31879 | Orc:1    | You fall through a shaft!
 31879 | Orc:2    | Entered Level 2 of the Orcish Mines
 32190 | Orc:2    | Found Fuzim's Food Shop.
 32380 | Orc:2    | Reached skill level 12 in Fighting
 32523 | Orc:2    | Reached skill level 5 in Unarmed Combat
 33155 | Orc:2    | Found Ogeorgho's Antique Weapon Shoppe.
 33155 | Orc:2    | Found Xeafamall's Book Boutique.
 33488 | Orc:2    | Found a roughly hewn altar of Beogh.
 34099 | Orc:2    | Found Essetari's Jewellery Shoppe.
 34099 | Orc:2    | Found Goc Ut Timm's Jewellery Boutique.
 34396 | Orc:2    | Slain by an orc warrior
 34397 | Orc:2    | Reached XP level 12. HP: -2/61 MP: 2/24
 34686 | Orc:2    | Found a staircase to the Elven Halls.
 35507 | Orc:1    | Reached ****** piety under Dithmenos
 36361 | Orc:2    | Bought a book of Minor Magic for 320 gold pieces
 36364 | Orc:2    | Learned a level 2 spell: Blink
 36487 | D:14     | Noticed a seven-headed hydra
 36510 | D:14     | Slain by a seven-headed hydra

Vault maps used:
D:1:      scummos_arrival_star, roderic_roman_lattice, st_stairs_14,
          minmay_pentomino_x4
D:2:      minmay_wonky_spiral, overflow_temple_1_default,
          nicolae_qazlal_eye_of_the_storm
D:3:      old_standard_altar, first_ration, chequers_serial_rivers_large_b
D:4:      old_standard_altar, kennysheep_another_room, uniq_crazy_yiuf_cottage
D:5:      temple_green
D:6:      lemuel_doored_altar, serial_shops, shop
D:7:      lemuel_round_altar
D:8:      the_bakery, chequers_serial_rivers_micro_a
D:9:      eino_jars
D:10:     lair_entry_dummy
D:11:     david_orc_1_choice, ebering_ghost_funeral_grove, serial_shops,
          nicolae_shop_trees, kennysheep_nub, fedhas_altar_1
D:13:     kennysheep_funnel, lab_entry_generic, minmay_misc_feat_iff
D:14:     david_vaults_3
Lair:1:   statuecave_lemuel, st_stairs_10, infiniplex_staircase_pool,
          uniq_harold
Lair:2:   minmay_snake_entry_six_corridors, serial_forest,
          infiniplex_forest_end_3, infiniplex_forest_zigzag_2,
          infiniplex_forest_clump_medium, infiniplex_forest_pool,
          infiniplex_forest_clump_double, infiniplex_forest_lined_ring,
          infiniplex_forest_end_2
Lair:3:   elwin_shoals_entry_rocks, grunt_megastairs_1, serial_bayou_shore_b
Lair:4:   ebering_ghost_disaster_area, beast_lair_carwin_1, serial_bayou_shore_a
Lair:5:   lemuel_old_faithful
Lair:6:   minmay_lair_end_frog_pond, slime_altar_2, eino_house_with_fridge,
          infiniplex_staircase_pool_2, uniq_josephine
Orc:1:    cheibrodos_orc_guarddog
Orc:2:    st_orc_town, serial_shops, shop
Lab:      labyrinth_hidden_loot, nicolae_lab_quarters, nicolae_lab_flowing_pool

Skill      XL: |  1  2  3  4  5  6  7  8  9 10 11 12 13 |
---------------+----------------------------------------+-----
Dodging        | 3 4 5 6 7 8 |  8.1
Stealth        | 2 3 4 5 7 8 |  8.0
Unarmed Combat | 2 3 4 6 5 |  6.6
Fighting       | 2 3 4 8 9 11 12 | 12.0
Spellcasting   | 1 2 3 5 6 7 8 |  8.1
Summonings     | 1 6 7 8 |  8.0
Air Magic      | 1 5 6 7 |  7.2
Evocations     | 4 5 |  5.0
Conjurations   | 5 7 8 9 |  9.0
Hexes          | 1 6 8 10 | 10.3
Ice Magic      | 1 3 |  3.3

Action                   |  1- 3 |  4- 6 |  7- 9 | 10-12 | 13-15 || total
-------------------------+-------+-------+-------+-------+-------++-------
Melee: Unarmed           |   104 |   200 |   756 |  1007 |   448 ||  2515
       Bite              |    15 |    18 |    88 |   164 |    62 ||   347
       Punch             |     1 |     4 |    14 |    33 |    13 ||    65
 Cast: Call Imp          |       |       |    42 |    49 |     1 ||    92
       Summon Lightning  |       |       |    20 |    66 |    17 ||   103
       Confuse           |       |       |       |    91 |    49 ||   140
       Summon Mana Viper |       |       |       |    49 |    37 ||    86
       Stone Arrow       |       |       |       |    11 |     2 ||    13
       Throw Icicle      |       |       |       |     5 |    11 ||    16
Invok: Shadow Step       |       |       |       |     8 |     1 ||     9
Evoke: Wand              |     9 |     8 |    19 |    40 |     2 ||    78
  Use: Potion            |     1 |     3 |     4 |     3 |     2 ||    13
       Scroll            |       |    11 |    11 |    15 |     2 ||    39
 Stab: Sleeping          |    11 |    22 |    17 |    42 |     6 ||    98
       Distracted        |       |       |     3 |    18 |     8 ||    29
       Paralysed         |       |       |     3 |       |       ||     3
       Confused          |       |       |       |    43 |    20 ||    63
  Eat: Chunk             |    11 |     7 |    46 |    68 |    24 ||   156
Armor: Skin              |     3 |     6 |    26 |    90 |    31 ||   156
Dodge: Dodged            |    81 |   131 |   724 |  1075 |   438 ||  2449

Table legend:
 A = Non-vault XP
 B = Vault XP
 C = Vault XP percentage of total XP
 D = Non-vault monster count
 E = Vault monster count
 F = Vault count percentage of total count
                 A         B        C        D         E       F
            +---------+---------+-------+---------+---------+-------
      Total |   41450 |   27566 |  39.9 |     464 |     183 |  28.3
            +---------+---------+-------+---------+---------+-------
        D:1 |      24 |       6 |  20.0 |      15 |       4 |  21.1
        D:2 |      94 |      19 |  16.8 |      26 |       4 |  13.3
        D:3 |     147 |       0 |   0.0 |      23 |       0 |   0.0
        D:4 |     371 |      42 |  10.2 |      16 |       1 |   5.9
        D:5 |     638 |       0 |   0.0 |      24 |       0 |   0.0
        D:6 |    1319 |       0 |   0.0 |      29 |       0 |   0.0
        D:7 |    1246 |       0 |   0.0 |      22 |       0 |   0.0
        D:8 |     389 |     211 |  35.2 |      17 |       1 |   5.6
        D:9 |     666 |     212 |  24.1 |      17 |       6 |  26.1
       D:10 |    1781 |       0 |   0.0 |      24 |       0 |   0.0
       D:11 |    3259 |     345 |   9.6 |      27 |       9 |  25.0
       D:12 |    3110 |       0 |   0.0 |      14 |       0 |   0.0
       D:13 |    5802 |     244 |   4.0 |      30 |       1 |   3.2
     Lair:1 |    3802 |     732 |  16.1 |      25 |       3 |  10.7
     Lair:2 |     305 |     939 |  75.5 |       3 |       9 |  75.0
     Lair:3 |    4995 |     244 |   4.7 |      19 |       2 |   9.5
     Lair:4 |     704 |    3816 |  84.4 |       7 |       7 |  50.0
     Lair:5 |    3492 |     228 |   6.1 |      18 |       1 |   5.3
     Lair:6 |    2341 |   13025 |  84.8 |      13 |      70 |  84.3
      Orc:1 |    2436 |     744 |  23.4 |      25 |       5 |  16.7
      Orc:2 |    4529 |    5697 |  55.7 |      70 |      59 |  45.7
        Lab |       0 |    1062 | 100.0 |       0 |       1 | 100.0
            +---------+---------+-------+---------+---------+-------
